 Dungeon Crawl Stone Soup version 0.27.1-33-g824d729ab1 (webtiles) character file.

Game seed: 11914790571149376007

188 klutch the Firebug (level 5, 0/58 HPs)
             Began as a Demonspawn Fire Elementalist on Dec 4, 2021.
             Succumbed to a killer bee's poison
             ... on level 4 of the Dungeon on Dec 5, 2021.
             The game lasted 00:18:11 (3351 turns).

klutch the Firebug (Demonspawn Fire Elementalist)   Turns: 3351, Time: 00:18:11

Health: 0/58       AC:  4    Str:  9    XL:     5   Next: 39%
Magic:  3/8        EV: 12    Int: 22    God:
Gold:   69         SH:  0    Dex: 14    Spells: 7/8 levels left

rFire    . . .     SeeInvis .   j - +0 hand axe (flame)
rCold    + . .     Faith    .   (no shield)
rNeg     . . .     Spirit   .   l - +2 robe {Will+}
rPois    .         Reflect  .   (no helmet)
rElec    .         Harm     .   (no cloak)
rCorr    .         Rampage  .   (no gloves)
Will     +....                  (no boots)
Stlth    ..........             (no amulet)
HPRegen  0.19/turn              n - +6 ring of intelligence
MPRegen  0.11/turn              m - ring of protection from cold

@: berserking, lethally poisoned (0 -> -14), very quick
A: ignite blood 1, demonic magic 1
a: no special abilities


You were on level 4 of the Dungeon.
You visited 1 branch of the dungeon, and saw 4 of its levels.

You collected 146 gold pieces.
You spent 77 gold pieces at shops.

Inventory:

Hand Weapons
 c - a +2 dagger of draining
 j - a +0 hand axe of flaming (weapon)
Missiles
 e - 18 poisoned darts (quivered)
Armour
 a - a +1 robe
 l - a +2 robe of willpower (worn)
Jewellery
 m - a ring of protection from cold (right hand)
 n - a +6 ring of intelligence (left hand)
Scrolls
 g - a scroll of enchant weapon
 h - 2 scrolls of teleportation
Potions
 b - 2 potions of attraction {unknown}
 d - 2 potions of berserk rage
 f - a potion of might {unknown}
 i - 3 potions of flight {unknown}
 k - 2 potions of mutation {unknown}
 o - a potion of haste


   Skills:
 * Level 2.4 Fighting
 + Level 0.5 Axes
 + Level 0.5 Throwing
 * Level 2.0 Armour
 + Level 2.3 Dodging
 - Level 1.7 Stealth
 + Level 2.4 Spellcasting
 + Level 1.9 Conjurations
 + Level 3.1 Fire Magic


You had 7 spell levels left.
You knew the following spells:

 Your Spells              Type           Power      Damage    Failure   Level
a - Foxfire               Conj/Fire      52%        2x1d6     4%          1

Your spell library contained the following spells:

 Spells                   Type           Power      Damage    Failure   Level
 Conjure Flame            Conj/Fire      13%        6-21      14%         3
 Inner Flame              Hex/Fire       9%         N/A       21%         3
 Sticky Flame             Conj/Fire      13%        2d4       43%         4
 Fireball                 Conj/Fire      6%         3d5       78%         5


Dungeon Overview and Level Annotations

Branches:
Dungeon (4/15)
 Temple: D:4-7

Altars:
Fedhas
Hepliaklqana

Shops:
D:2 !   D:3 *   D:4 :

Annotations:
D:4 Book Shop


Innate Abilities, Weirdness & Mutations

Your demonic aura sometimes causes spilled blood to erupt in flames.
Spells you cast may paralyse adjacent enemies.


Message History

Casting: Foxfire (safe; 4% risk of failure)
Confirm with . or Enter, or press ? or * to list all spells.
You conjure some foxfire!
Malevolent energies surge around you.
The killer bee suddenly stops moving!
The killer bee stings you! The killer bee closely misses you.
The foxfire hits the killer bee.
The killer bee is severely wounded.
The foxfire hits the killer bee.
The killer bee is almost dead.
The foxfire hits the killer bee but does no damage.
The killer bee is almost dead.
Casting: Foxfire (safe; 4% risk of failure)
Confirm with . or Enter, or press ? or * to list all spells.
You conjure some foxfire!
Malevolent energies surge around you. The killer bee stings you!
You are poisoned.
The killer bee poisons you! The killer bee closely misses you.
You feel very sick.
The foxfire hits the killer bee.
The killer bee is almost dead.
The foxfire hits the killer bee.
You kill the killer bee!
Your Armour skill increases to level 2!
You feel sick.
Casting: Foxfire (safe; 4% risk of failure)
Confirm with . or Enter, or press ? or * to list all spells.
You conjure some foxfire!
Malevolent energies surge around you.
You feel sick.
The killer bee is no longer paralysed.
The killer bee barely misses you.
You feel sick.
The foxfire hits the killer bee.
The killer bee is heavily wounded.
The foxfire hits the killer bee.
The killer bee is severely wounded.
The killer bee stings you!
* * * LOW HITPOINT WARNING * * *
You are more poisoned.
The killer bee poisons you!
It was a potion of berserk rage.
A red film seems to cover your vision as you go berserk!
You feel yourself moving faster!
You feel mighty!
You die...

#.# #.####### #.#
#.......# #.#
#######.# #.#
#.######.# #.#
#........# ..####
###.####.# .....#
#....# #.##.#
####....# #.##.#
#....y@.#.#
.<##.######.#.....#.#
...........########.#
#..#∩.......#......$#
#..########...# ####
...## #.....# #...#
#.....# ###.# #.....#
....# #.....#


You could see a killer bee.

Vanquished Creatures
  2 killer bees (D:4)
  5 adders
  A dart slug (D:1)
  A bat (D:1)
  A bat zombie (D:2)
  9 endoplasms
  5 hobgoblins
  2 jackals (D:2)
  5 kobolds
  2 quokkas
  5 ball pythons
  A ball python skeleton (D:2)
  2 ball python zombies (D:2)
  A frilled lizard (D:1)
  6 goblins
  A jackal zombie (D:2)
  2 quokka skeletons (D:2)
  6 rats
57 creatures vanquished.

Vanquished Creatures (others)
  147 foxfires
147 creatures vanquished.

Grand Total: 204 creatures vanquished

Notes
Turn   | Place    | Note
-------+----------+-------------------------------------------
     0 | D:1      | klutch the Demonspawn Fire Elementalist began the quest for
                  | the Orb.
     0 | D:1      | Reached XP level 1. HP: 13/13 MP: 3/3
   309 | D:1      | Gained mutation: Spells you cast may paralyse adjacent
                  | enemies. [demonic ancestry]
   309 | D:1      | Reached XP level 2. HP: 20/20 MP: 3/5
   466 | D:1      | Reached skill level 1 in Fighting
   985 | D:2      | Found Enuymuaj's Distillery.
   997 | D:2      | Reached skill level 1 in Armour
   997 | D:2      | Reached XP level 3. HP: 24/26 MP: 0/6
  1288 | D:2      | Found a faded altar of an unknown god.
  1771 | D:2      | Reached XP level 4. HP: 33/33 MP: 5/7
  2075 | D:3      | Found Quozomutu's Assorted Antiques.
  2083 | D:3      | Bought an embroidered robe for 77 gold pieces
  2374 | D:3      | Reached skill level 3 in Fire Magic
  3070 | D:4      | Found a blossoming altar of Fedhas.
  3070 | D:4      | Found Ximar's Book Shoppe.
  3081 | D:4      | Found a hazy altar of Hepliaklqana.
  3194 | D:4      | Gained mutation: Your demonic aura sometimes causes spilled
                  | blood to erupt in flames. [demonic ancestry]
  3194 | D:4      | Reached XP level 5. HP: 22/38 MP: 4/8
  3351 | D:4      | Succumbed to a killer bee's poison

Illustrated notes

Levels and vault maps discovered:
D:1:      scummos_arrival_simple_fountains, layout_basic, chequers_avenue,
          hangedman_decor_lopped, hex_medium
D:2:      layout_rooms, serial_undead, serial_undead_f, serial_undead_f,
          serial_undead_e, serial_undead_a, ebering_ecumenical_altar_abandoned,
          serial_shops, shop, roderic_lattice_a, minivault_26
D:3:      layout_basic, serial_shops, shop, minmay_bisected
D:4:      layout_loops_ring, mainiacjoe_overflow_six_doors_small,
          mainiacjoe_overflow_catwalk_spiral, serial_shops, shop, shop, shop,
          shop, serial_co_window_serial, co_window_paths_a, co_window_corner_a,
          co_window_corner_a, co_window_paths_a, co_window_paths_a,
          co_window_corner_a, co_window_corner_a, co_window_2corner,
          co_window_of_opportunity_c, co_window_2corner, co_window_4corner_b,
          glass_columns_a, moated_statue, minmay_shop_damaged,
          serial_park_tiny_pond

Skill      XL: |  1  2  3  4  5 |
---------------+----------------+-----
Fighting       | 1 2 |  2.4
Dodging        | 2 |  2.3
Armour         | 1 2 |  2.0
Fire Magic     | 3 |  3.1
Axes           | |  0.5
Throwing       | |  0.5
Stealth        | |  1.7
Spellcasting   | |  2.4
Conjurations   | |  1.9

Action                   |  1- 3 |  4- 6 || total
-------------------------+-------+-------++-------
Melee: Dagger            |     3 |     4 ||     7
       Unarmed           |     1 |       ||     1
       Hand axe          |       |    20 ||    20
Throw: Dart              |     6 |    17 ||    23
 Cast: Foxfire           |    55 |    32 ||    87
  Use: Scroll            |     3 |     4 ||     7
       Potion            |       |     1 ||     1
 Stab: Paralysed         |       |     3 ||     3
Armor: Robe              |     1 |    13 ||    14
Dodge: Dodged            |     6 |    38 ||    44
